AoeStats
← CrazyBen

Lombardia

507103209Analyzed
4v4 RM · 16d ago on Sep 16, 2026· 23m 38s· 8 players
Game mode
Random Map
Map size
Large (8 player)
Population
200
Speed
Normal
Resources
Standard
Victory
Conquest
Starting age
Dark Age
Ending age
Imperial Age
RankedLock teamsTeams togetherTeam positionsShared explorationLock speedFull tech treeHidden civsTurbo modeCheats
Victory
Defeat
🇳🇱 Inca · Netherlands
1455
+14
🇨🇭 Turks · Switzerland
1410
+15
🇫🇷 Maya · France
1407
+16
🇺🇸 Khmer · United States
1381
+17
🇩🇪 Vikings · Germany
1477
-20
🇹🇼 Teutons · Taiwan
1426
-16
🇺🇸 Mongols · United States
1350
-13
🇲🇽 Britons · Mexico
1336
-13
CrazyBen
0:32 Loom
10:59 Feudal Age
15:40 Castle Age
14:14 Double-Bit Axe
14:19 Horse Collar
17:41 Bow Saw
22:03 Scale Mail Armor
22:15 Forging
23:15 Squires
22:45 Eagle Warrior
23:42 Chain Mail Armor
Night Prowler
8:54 Loom
10:52 Feudal Age
11:55 Double-Bit Axe
13:27 Horse Collar
13:57 Fletching
22:14 Castle Age
20:42 Padded Archer Armor
22:17 Crossbowman
22:52 Bodkin Arrow
23:55 Bow Saw
23:46 Heavy Plow
24:13 Leather Archer Armor
Soppi
9:06 Feudal Age
7:40 Loom
9:48 Double-Bit Axe
17:20 Horse Collar
20:54 Castle Age
19:06 Bloodlines
19:22 Scale Barding Armor
20:27 Forging
22:01 Chain Barding Armor
23:55 Bow Saw
LowEcoLegend
8:12 Feudal Age
9:21 Double-Bit Axe
13:10 Loom
19:10 Castle Age
17:54 Scale Barding Armor
18:48 Bloodlines
19:29 Light Cavalry
20:10 Husbandry
20:23 Forging
22:00 Iron Casting
23:10 Chain Barding Armor
DSLG | Rommel
6:45 Loom
9:26 Feudal Age
14:08 Castle Age
13:25 Fletching
13:45 Stone Mining
14:21 Gold Mining
Hamstring Cramp
7:14 Loom
13:21 Feudal Age
Espresso
5:47 Loom
8:56 Feudal Age
9:26 Loom
9:31 Town Watch
15:39 Castle Age
14:57 Double-Bit Axe
16:35 Bow Saw
17:38 Loom
阿扁elephant多錢
1:23 Loom
11:27 Feudal Age
15:34 Castle Age
13:49 Double-Bit Axe
14:01 Horse Collar
17:17 Bow Saw
19:13 Loom
Connection lost

Rejoining the realm…

Still unreachable

The connection could not be restored.

Session expired

The server has moved on; the page needs a fresh start.